 Dungeon Crawl Stone Soup version 0.26-a0-651-gb41185065b (webtiles) character file.

Game seed: 7827999143124078655

941 kae the Grappler (level 7, 0/78 HPs)
             Began as a Green Draconian Transmuter on Oct 8, 2020.
             Splashed by a jelly's acid (8 damage)
             ... on level 4 of the Dungeon.
             The game lasted 00:04:44 (6634 turns).

kae the Grappler (Green Draconian Transmuter)       Turns: 6634, Time: 00:04:45

Health: 0/78       AC: 19    Str: 14      XL:     7   Next: 88%
Magic:  7/10       EV:  2    Int: 13      God:
Gold:   187        SH:  0    Dex:  8 (12) Spells: 4/10 levels left

rFire    . . .     SeeInvis .     - Unarmed
rCold    . . .     Faith    .   (no shield)
rNeg     + + +     Spirit   .   (armour unavailable)
rPois    +         Reflect  .   (helmet currently unavailable)
rElec    .         Harm     .   (cloak currently unavailable)
rCorr    .         Rampage  .   (gloves currently unavailable)
MR       .....     NoTele   +   (boots currently unavailable)
Stlth    +.........             (no amulet)
HPRegen  0.23/turn              (no ring)
MPRegen  0.12/turn              (no ring)

@: tree-form, corroded
A: (breathe noxious fumes), unfitting armour, AC +6
a: no special abilities


You were on level 4 of the Dungeon.
You were a tree.
You visited 1 branch of the dungeon, and saw 5 of its levels.

You collected 187 gold pieces.

Inventory:

Armour
 l - a +2 cloak (melded)
Jewellery
 a - an uncursed amulet of faith
 f - an uncursed ring of protection from fire
Scrolls
 c - 6 scrolls of identify
 e - 5 scrolls of remove curse
 g - 2 scrolls of noise
 k - a scroll of teleportation {unknown}
 n - a scroll of amnesia
Potions
 b - 3 potions of magic
 d - 2 potions of lignification
 h - 2 potions of stabbing
 j - a potion of flight
 m - a potion of degeneration


   Skills:
 - Level 1.1 Fighting
 - Level 1.7 Dodging
 * Level 8.1 Unarmed Combat
 - Level 2.0 Spellcasting
 + Level 5.4 Transmutations


You had 4 spell levels left.
You knew the following spells:

 Your Spells              Type           Power        Failure   Level
a - Beastly Appendage     Tmut           ###...       2%          1
b - Wereblood             Tmut           ###.....     4%          2
c - Spider Form           Tmut/Pois      #.........   26%         3

Your spell library contained the following spells:

 Spells                   Type           Power        Failure   Level
 Ice Form                 Ice/Tmut       #.......     63%         4
 Blade Hands              Tmut           ###.......   58%         5


Dungeon Overview and Level Annotations

Branches:
Dungeon (5/15)
 Temple: D:4-7

Altars:
Okawaru

Shops:
D:4 }

Annotations:
D:3 Sigmund


Innate Abilities, Weirdness & Mutations

((You can breathe blasts of noxious fumes.))
((Your lurid green scales are hard. (AC +6)))
You cannot fit into any form of body armour.
((Your system is resistant to poisons. (rPois)))
((You are cold-blooded and may be slowed by cold attacks.))


Message History

You bite the jelly!
Your front legs burn!
The jelly is heavily wounded.
The orc misses you. The jelly hits you.
You are splashed with acid!
* * * LOW HITPOINT WARNING * * *
You hit the jelly.
The jelly is poisoned.
Your front legs burn!
* * * LOW HITPOINT WARNING * * *
The jelly is severely wounded.
The jelly misses you. The orc hits you with a +0 club!
* * * LOW HITPOINT WARNING * * *
The jelly completely misses you. The orc barely misses you.
You climb upwards.
There is a stone staircase leading down, spattered with blood here.
Really quaff the potion of lignification?
Your transformation has ended.
Your +2 cloak unmelds from your body.
You turn into a tree.
Your +2 cloak melds into your body.
Your roots penetrate the ground.
The jelly hits you.
* * * LOW HITPOINT WARNING * * *
You are splashed with acid!
You die...

#.# #.....# #.# ###.### #.#
#.# # #.# #.### ##### #.#
#.... ....# #.# ##### ###.#
#.### ##### #.#.##
#########...#######...#
.....#
#....J♣####............
#.#..## #.####o#
######.##....
#.#...#####.####.# #.##....
...###.##......#.# #.##.##.
#..# #....#.##.#.# #.#...#.
#..###.####.##.#.###
#....... #.#...##
#........### ###...##
#.############.....#.##
#...## #..#
#.....##......#.######.....


You could see a jelly (very poisoned) and an orc.

Vanquished Creatures
  Grinder (D:4)
  Blork the orc (D:4)
  2 scorpions
  2 howler monkeys
  2 quasits (D:5)
  2 orc priests (D:3)
  An iguana (D:4)
  Natasha (twice) (D:2)
  4 orc wizards
  Robin (D:4)
  8 adders
  An ooze (D:2)
  3 worms
  3 dart slugs
  3 leopard geckos
  19 orcs
  4 giant cockroaches
  15 goblins
  10 hobgoblins
  7 jackals
  2 kobolds (D:1)
  2 quokkas
  6 bats
  5 frilled lizards
  A leopard gecko skeleton (D:4)
  7 rats
114 creatures vanquished.

Vanquished Creatures (others)
  A hobgoblin (D:2)
1 creature vanquished.

Grand Total: 115 creatures vanquished

Notes
Turn   | Place    | Note
-------+----------+-------------------------------------------
     0 | D:1      | kae the Draconian Transmuter began the quest for the Orb.
     0 | D:1      | Reached XP level 1. HP: 16/16 MP: 3/3
   661 | D:1      | Reached XP level 2. HP: 21/23 MP: 3/5
  1012 | D:1      | Found an iron altar of Okawaru.
  1461 | D:2      | Reached XP level 3. HP: 22/28 MP: 4/6
  1465 | D:2      | Learned a level 2 spell: Wereblood
  1469 | D:2      | Learned a level 3 spell: Spider Form
  1550 | D:2      | Reached skill level 4 in Unarmed Combat
  1915 | D:2      | Reached XP level 4. HP: 29/35 MP: 5/7
  1978 | D:2      | Noticed Natasha
  1985 | D:2      | Killed Natasha
  2439 | D:2      | Noticed Natasha
  2450 | D:2      | Killed Natasha
  2450 | D:2      | Reached skill level 5 in Unarmed Combat
  2450 | D:2      | Reached XP level 5. HP: 40/40 MP: 4/8
  3857 | D:3      | Noticed Sigmund
  3946 | D:3      | Reached XP level 6. HP: 42/47 MP: 5/9
  4046 | D:3      | Reached skill level 6 in Unarmed Combat
  4097 | D:3      | Found a faded altar of an unknown god.
  4501 | D:4      | Noticed Robin
  4509 | D:4      | Killed Robin
  4531 | D:4      | Noticed Blork the orc
  4834 | D:4      | Noticed Grinder
  4853 | D:4      | Killed Grinder
  4853 | D:4      | Your scales start taking on a lurid green colour.
  4853 | D:4      | Reached XP level 7. HP: 35/52 MP: 4/10
  4853 | D:4      | Gained mutation: Your system is resistant to poisons.
                  | (rPois) [Green Draconian growth]
  5023 | D:4      | Reached skill level 7 in Unarmed Combat
  5120 | D:4      | Found Jean's Gadget Boutique.
  5713 | D:4      | Found Jean's Gadget Boutique.
  6076 | D:4      | Killed Blork the orc
  6076 | D:4      | Reached skill level 5 in Transmutations
  6167 | D:5      | Entered Level 5 of the Dungeon
  6396 | D:4      | Reached skill level 8 in Unarmed Combat
  6634 | D:4      | Splashed by a jelly's acid

Illustrated notes

Levels and vault maps discovered:
D:1:      co_arrival_square_in_a_square_in_a_square, layout_basic,
          okawaru_ov_weapons_minmay
D:2:      layout_basic, lemuel_old_faithful, uniq_natasha
D:3:      layout_loops_ring, chequers_ecumenical_altar_lobes, uniq_sigmund
D:4:      layout_loops_cross, serial_shops, shop, uniq_robin, uniq_grinder,
          uniq_blork_the_orc
D:5:      layout_rooms, minmay_temple_entry_drinking_statues

Skill      XL: |  1  2  3  4  5  6  7 |
---------------+----------------------+-----
Unarmed Combat | 4 5 6 8 |  8.1
Transmutations | 3 4 5 |  5.4
Fighting       | |  1.1
Dodging        | |  1.7
Spellcasting   | |  2.0

Action                   |  1- 3 |  4- 6 |  7- 9 || total
-------------------------+-------+-------+-------++-------
Melee: Unarmed           |   115 |   169 |    99 ||   383
       Kick              |    18 |     9 |     8 ||    35
       Headbutt          |     8 |     7 |     8 ||    23
       Tailslap          |     7 |    11 |     6 ||    24
       Punch             |       |     2 |       ||     2
 Cast: Beastly Appendage |    20 |    15 |    10 ||    45
       Spider Form       |       |     6 |     3 ||     9
       Wereblood         |       |     3 |       ||     3
 Abil: Breathe Noxious F |       |       |     3 ||     3
  Use: Scroll            |     6 |     5 |     5 ||    16
       Potion            |       |     1 |     2 ||     3
 Stab: Sleeping          |     1 |     1 |     1 ||     3
       Confused          |       |       |     1 ||     1
Armor: Skin              |    38 |    31 |    63 ||   132
Dodge: Dodged            |    81 |   100 |    95 ||   276

Table legend: (Time is in decaauts)
 A = Elapsed time spent in this place.
 B = Non-inter-level travel time spent in this place.
 C = Inter-level travel time spent in this place.
 D = Time resting spent in this place.
 E = Time spent auto-exploring this place.
 F = Levels seen in this place.
 G = Mean time per level.
                   A        B        C        D        E       F      G
               +--------+--------+--------+--------+--------+-----+--------+
         Total |   6595 |   6422 |    173 |    987 |   4553 |   5 | 1319.0 |
       Dungeon |   6595 |   6422 |    173 |    987 |   4553 |   5 | 1319.0 |
               +--------+--------+--------+--------+--------+-----+--------+

Top non-repeatable levels by time:
     D:3: 2018 daAuts
     D:4: 1713 daAuts
     D:1: 1430 daAuts
     D:2: 1211 daAuts
     D:5: 220 daAuts
